 Dungeon Crawl Stone Soup version 0.29-a0-371-g91724d5b39 (webtiles) character file.

Game seed: 15776112914018922040

56 spaghetti the Sneak (level 3, 15/33 HPs)
             Began as a Deep Dwarf Delver on May 2, 2022.
             Quit the game on level 5 of the Dungeon.
             The game lasted 00:00:26 (96 turns).

spaghetti the Sneak (Deep Dwarf Delver)               Turns: 96, Time: 00:00:26

Health: 15/33      AC:  3    Str: 15    XL:     3   Next: 69%
Magic:  3/3        EV: 12    Int: 10    God:
Gold:   12         SH:  0    Dex: 16    Spells: 2/2 levels left

rFire   . . .      SeeInvis .   a - +0 short sword {short}
rCold   . . .      Faith    .   (no shield)
rNeg    . . .      Spirit   .   b - +0 leather armour
rPois   .          Reflect  .   (no helmet)
rElec   .          Harm     .   (no cloak)
rCorr   .          Rampage  .   (no gloves)
Will    .....                   (no boots)
Stlth   ++++......              (no amulet)
HPRegen 0.00/turn               (no ring)
MPRegen 0.08/turn               (no ring)

@: mighty
A: damage resistance, heal wounds, sense surroundings 1, no regeneration
a: Heal Wounds


You were on level 5 of the Dungeon.
You visited 1 branch of the dungeon, and saw 2 of its levels.

You collected 12 gold pieces.


Innate Abilities, Weirdness & Mutations

You are resistant to damage.
You can heal yourself by infusing magical energy.
You passively map a small area around you.
You do not regenerate.


   Skills:
 - Level 2.6 Fighting
 - Level 1.7 Short Blades
 - Level 2.1 Dodging
 + Level 7.7 Stealth


You had 2 spell levels left.
You didn't know any spells.
Your spell library was empty.

Inventory:

Hand Weapons
 a - a +0 short sword (weapon) {short}
Missiles
 j - 27 stones {throwing}
Armour
 b - a +0 leather armour (worn)
Wands
 g - a wand of digging (3)
Scrolls
 c - a scroll of fog
 d - a scroll of magic mapping {!r}
Potions
 f - a potion of haste {@q3}

Dungeon Overview and Level Annotations

Branches:
Dungeon (6/15)
 Temple: D:4-7

Altars:

Shops:
D:6

==
*##+##...##...##..###..#
......................#
,
......................#
, *
......................#
......................#
......................#
, ,
......................#
,
...............oo.....#
##.###+###...##@o##...#
* * ## ,,
######.o####### * * , ,,
#.........# *
#.........# , ,
#.........# #.........#
, , , #.........# , *
##......### , ** *
########


You could see 4 orcs.


Message History

🤖 Initializing magus.rc ...
Options error: Delay interrupt name "hungry" not recognised. (~/.crawlrc:4761) Options error: Bad monster_list_colour key: strict_neutral (~/.crawlrc:4776) Bad channel name for runrest: 'pray:' ✅ Successfully initialized magus.rc [v1.9.6] Welcome, spaghetti the Deep Dwarf Delver.
The fabulous Orb of Zot lies far below, as if waiting for you to find it.
Press ? for a list of commands and other information.
Found 12 gold pieces and a puce potion.
Found a stone staircase leading down.
You now have 12 gold pieces.
h - a puce potion
There is a stone staircase leading down here.
i - a glowing puce potion A scorpion comes into view.
You see here 27 stones {throwing}.
j - 27 stones {throwing}
As you read the scroll of fear, it crumbles to dust.
You assume a fearsome visage.
The scorpion resists with some effort.
The scorpion closely misses you. The scorpion attacks as you move away!
The scorpion barely misses you. The scorpion attacks as you move away!
The scorpion stings you but does no damage.
The scorpion stings you. 😕 HP[-2]
You take 2 damage, and now have 18/20 hp.
There is a stone staircase leading down here.
It was a potion of resistance.
You feel protected. The scorpion barely misses you.
The scorpion stings you. 😮 HP[-5]
You take 5 damage, and now have 13/20 hp.
MASSIVE DAMAGE!! (PAUSE) Unknown command.
It was a potion of might.
You feel very mighty all of a sudden. The scorpion closely misses you.
Unknown command.
You closely miss the scorpion. The scorpion stings you.
* * * LOW HITPOINT WARNING * * *
😨 HP[-3]
You take 3 damage, and now have 10/20 hp.
You puncture the scorpion! The scorpion stings you.
You hit the scorpion. The scorpion misses you.
You puncture the scorpion!
You kill the scorpion!
Your Stealth skill increases to level 7!
You have reached level 2!
You have reached level 3!
Your experience leads to an increase in your attributes!
Increase (S)trength, (I)ntelligence, or (D)exterity?
You feel agile. x2 😨 HP[+6] MP[+2]
You now have 33 max hp (+13).
You regained 6 hp, and now have 16/33 hp.
Your mp is fully restored (3).
You start waiting.
You start to feel less resistant.
Unknown command.
You climb downwards.
The orc shouts! x3; You hear a shout!
Found a robe, a scroll labelled PYSYENEOWN and a leather armour.
Found Wauz's Jewellery Emporium.
There is a stone staircase leading up here.
There are monsters nearby!
There are monsters nearby!
The orc shouts! x3; You hear an angry hiss.
An orc opens the door.
The orc shouts!
An adder comes into view.
Found Oguaxoak's Jewellery Boutique.
The adder hisses angrily.
The orc hits you with a +0 hand axe.
* * * LOW HITPOINT WARNING * * *
The orc hits you with a +0 hand axe. The orc barely misses you. 😨 HP[-1]
You take 1 damage, and now have 15/33 hp.
Unknown command.
The orc attacks as you move away! The orc closely misses you.
The orc attacks as you move away! The orc barely misses you.
Your resistance to elements expires.
The orc barely misses you. The orc hits you with a +0 hand axe.
There is a stone staircase leading up here.
Unknown command.
The orc barely misses you. The orc misses you. x2
The orc hits you but does no damage.
You climb upwards.
There is a stone staircase leading down, spattered with blood here.
Unknown command.
Unknown command.
Are you sure you want to abandon this character and quit the game? (Confirm with "yes".)

Skill      XL: |  1 |
---------------+----+-----
Stealth        | 7 |  7.7
Fighting       | |  2.6
Short Blades   | |  1.7
Dodging        | |  2.1

Action                   || total
-------------------------++-------
Melee: Short sword       ||     4
  Use: Potion            ||     2
       Scroll            ||     1
Armor: Leather armour    ||     2
Dodge: Dodged            ||    12

Levels and vault maps discovered:
D:5:      layout_gridville, minmay_checkerbox, uniq_blork_the_orc
D:6:      minmay_chambers_of_threes, layout_basic, makhleb_heckhound_becter,
          serial_shops, shop, nicolae_shop_bloodbath_and_beyond, shop,
          nicolae_shop_trees, nicolae_shop_hallway_plus

Notes
Turn   | Place    | Note
-------+----------+-------------------------------------------
     0 | D:5      | spaghetti the Deep Dwarf Delver began the quest for the
                  | Orb.
     0 | D:5      | Reached XP level 1. HP: 20/20 MP: 1/1
     0 | D:5      | magus.rc [v1.9.6]
    33 | D:5      | Noticed a scorpion
    60 | D:5      | Killed a scorpion
    61 | D:5      | Reached skill level 7 in Stealth
    61 | D:5      | Reached XP level 2. HP: 13/27 MP: 2/2
    61 | D:5      | Reached XP level 3. HP: 16/33 MP: 3/3
    89 | D:6      | Found Wauz's Jewellery Emporium.
    91 | D:6      | Found Oguaxoak's Jewellery Boutique.
    96 | D:5      | Quit the game

Vanquished Creatures
  A scorpion (D:5)
1 creature vanquished.

Table legend:
 A = Non-vault XP
 B = Vault XP
 C = Vault XP percentage of total XP
 D = Non-vault monster count
 E = Vault monster count
 F = Vault count percentage of total count
                 A         B        C        D         E       F
            +---------+---------+-------+---------+---------+-------
      Total |      80 |       0 |   0.0 |       1 |       0 |   0.0
            +---------+---------+-------+---------+---------+-------
        D:5 |      80 |       0 |   0.0 |       1 |       0 |   0.0
            +---------+---------+-------+---------+---------+-------

Illustrated notes

Table legend:
 A = Kills in this place as a percentage of kills in entire the game.
 B = Kills by you in this place as a percentage of kills by you in the entire game.
 C = Kills by friends in this place as a percentage of kills by friends in the entire game.
 D = Other kills in this place as a percentage of other kills in the entire game.
 E = Experience gained in this place as a percentage of experience gained in the entire game.
 F = Experience gained in this place divided by the number of levels of this place that you have seen.
                   A       B       C       D       E      F
               +-------+-------+-------+-------+-------+----------------------
         Total | 100.0 | 100.0 |   N/A |   N/A | 100.0 |  40.0
       Dungeon | 100.0 | 100.0 |   N/A |   N/A | 100.0 |  40.0
               +-------+-------+-------+-------+-------+----------------------

Table legend: (Time is in decaauts)
 A = Elapsed time spent in this place.
 B = Non-inter-level travel time spent in this place.
 C = Inter-level travel time spent in this place.
 D = Time resting spent in this place.
 E = Time spent auto-exploring this place.
 F = Levels seen in this place.
 G = Mean time per level.
                   A        B        C        D        E       F      G
               +--------+--------+--------+--------+--------+-----+--------+
         Total |     96 |     96 |      0 |     27 |     31 |   2 |   48.0 |
       Dungeon |     96 |     96 |      0 |     27 |     31 |   2 |   48.0 |
               +--------+--------+--------+--------+--------+-----+--------+

Top non-repeatable levels by time:
     D:5: 90 daAuts
     D:6: 5 daAuts
